 Dungeon Crawl Stone Soup version 0.27.1-35-g4d5d836560 (webtiles) character file.

Game seed: 13752083402814621299

21117 CrazyMind the Geomancer (level 12, -2/88 HPs)
             Began as a White Draconian Earth Elementalist on June 19, 2022.
             Was an Initiate of Gozag.
             Slain by a water moccasin (4 damage)
             ... on level 3 of the Lair of Beasts on June 26, 2022.
             The game lasted 02:00:23 (18612 turns).

CrazyMind the Geomancer (DrEE)                     Turns: 18612, Time: 02:00:25

Health: -2/88      AC:  9    Str: 12    XL:     12   Next: 51%
Magic:  2/26       EV: 13    Int: 20    God:    Gozag
Gold:   2193       SH:  0    Dex: 11    Spells: 12/31 levels left

rFire    . . .     SeeInvis +   Q - staff of earth
rCold    + . .     Faith    .   (no shield)
rNeg     . . .     Spirit   .   (armour unavailable)
rPois    .         Reflect  .   (helmet restricted)
rElec    .         Harm     .   (no cloak)
rCorr    .         Rampage  .   (no gloves)
Will     .....                  v - +0 pair of boots
Stlth    +++.......             f - amulet of regeneration
HPRegen  1.24/turn              x - ring of see invisible
MPRegen  0.20/turn              G - ring of wizardry

@: no status effects
A: breathe frost, AC +8, unfitting armour, cold resistance 1, cold-blooded
a: Breathe Frost, Renounce Religion, Potion Petition, Call Merchant, Bribe
Branch


You were on level 3 of the Lair of Beasts.
You worshipped Gozag.
Gozag was most pleased with you.
You visited 3 branches of the dungeon, and saw 16 of its levels.
You also visited: Sewer.

You collected 2291 gold pieces.
You paid 98 gold pieces to Gozag.

Inventory:

Hand Weapons
 F - the +8 short sword of the Warrior {vorpal, Will++}
   (You found it on level 8 of the Dungeon)

   It inflicts extra damage upon your enemies.
   Will:      It greatly increases your willpower.
Missiles
 a - 48 poisoned darts (quivered)
 b - 129 stones
 p - 9 boomerangs
 q - 2 curare-tipped darts
 u - a throwing net
 N - 7 javelins
Armour
 k - a +0 kite shield
 v - a +0 pair of boots (worn)
Magical Staves
 j - a staff of conjuration
 Q - a staff of earth (weapon)
Jewellery
 c - a ring of positive energy
 f - an amulet of regeneration (around neck)
 i - a ring of protection from cold
 x - a ring of see invisible (left hand)
 G - a ring of wizardry (right hand)
 I - a ring of resist corrosion
 P - a ring of protection from cold
Wands
 o - a wand of acid (3)
 y - a wand of charming (21)
 z - a wand of iceblast (23)
 A - a wand of digging (7)
 H - a wand of flame (38)
 S - a wand of mindburst (24)
Scrolls
 g - a scroll of holy word {unknown}
 m - 2 scrolls of magic mapping
 n - 2 scrolls of immolation
 r - a scroll of brand weapon {unknown}
 s - a scroll of vulnerability {unknown}
 B - 2 scrolls of fog
 C - 2 scrolls of blinking {unknown}
 E - 2 scrolls of teleportation
 M - a scroll of fear {unknown}
Potions
 d - 2 potions of resistance
 e - a potion of attraction {unknown}
 l - a potion of berserk rage
 t - a potion of magic
 w - 3 potions of flight
 D - a potion of cancellation
 K - 2 potions of mutation
 L - a potion of curing {unknown}
 O - a potion of haste {unknown}
 R - 3 potions of might
 T - a potion of invisibility
 V - a potion of heal wounds
Miscellaneous
 h - a lightning rod (4/4)


   Skills:
 + Level 2.8 Fighting
 - Level 1.0 Staves
 + Level 4.2 Throwing
 + Level 3.8 Dodging
 + Level 5.2 Stealth
 + Level 10.0 Spellcasting
 * Level 9.7 Conjurations
 * Level 3.6 Transmutations
 + Level 12.4 Earth Magic
 + Level 1.0 Evocations


You had 12 spell levels left.
You knew the following spells:

 Your Spells              Type           Power      Damage    Failure   Level
a - Sandblast             Erth           100%       2d20      1%          1
b - Passwall              Tmut/Erth      48%        N/A       1%          2
c - Stone Arrow           Conj/Erth      100%       3d13      1%          3
d - Petrify               Tmut/Erth      58%        N/A       1%          4
e - Conjure Flame         Conj/Fire      29%        6-21      1%          3
f - Iron Shot             Conj/Erth      34%        9d7       4%          6

Your spell library contained the following spells:

 Spells                   Type           Power      Damage    Failure   Level
 Iskenderun's Battlesphe  Conj           49%        2d10      1%          5
 Corona                   Hex            11%        N/A       2%          1
 Freeze                   Ice            40%        1d6       2%          1
 Ensorcelled Hibernation  Hex/Ice        20%        N/A       4%          2
 Spider Form              Tmut/Pois      8%         N/A       4%          3
 Hailstorm                Conj/Ice       29%        3d8       4%          4
 Sticky Flame             Conj/Fire      29%        2d5       4%          4
 Ignite Poison            Fire/Tmut/Pois 14%        N/A       5%          3
 Frozen Ramparts          Ice            20%        1d4       9%          3
 Tukima's Dance           Hex            10%        N/A       9%          3
 Statue Form              Tmut/Erth      38%        N/A       16%         6
 Metabolic Englaciation   Hex/Ice        5%         N/A       56%         5
 Spellforged Servitor     Conj/Summ      14%        N/A       95%         7
 Shadow Creatures         Summ           N/A        N/A       98%         6


Dungeon Overview and Level Annotations

Branches:
Dungeon (11/15)            Temple (1/1) D:6            Lair (4/6) D:11
  Swamp (0/4) Lair:3        Snake (0/4) Lair:3        Sewer (visited)
    Orc: D:9-12

Altars:
Ashenzari
Cheibriados
Dithmenos
Elyvilon
Fedhas
Gozag
Hepliaklqana
Kikubaaqudgha
Makhleb
Nemelex Xobeh
Okawaru
Qazlal
Ru
Sif Muna
Trog
Uskayaw
Vehumet
Wu Jian
Xom
Yredelemnul
Zin
The Shining One

Shops:
D:8 (

Annotations:
D:10 Snorg
Lair:3 Gastronok
Lair:4 Josephine


Innate Abilities, Weirdness & Mutations

You can breathe waves of freezing cold which knock back foes.
Your icy white scales are hard. (AC +8)
You cannot fit into any form of body armour.
Your flesh is cold resistant. (rC+)
You are cold-blooded and may be slowed by cold attacks.


Message History

Aim: Gastronok, wearing a +2 hat of intelligence (100% to hit)
You feel a surge of power!
The iron shot hits Gastronok!!!
Gastronok is moderately wounded.
A swamp worm comes into view.
Casting: Iron Shot (dangerous; 4% risk of failure)
Confirm with . or Enter, or press ? or * to list all spells.
Aiming: Iron Shot (dangerous; 4% risk of failure)
Press: ? - help, Shift-Dir - straight line, f/p - Gastronok
Aim: Gastronok, wearing a +2 hat of intelligence (moderately wounded, 100% to hit)
You feel a surge of power!
The iron shot hits Gastronok!!
Gastronok is heavily wounded.
You hear an angry hiss.
The swamp worm fires a harpoon shot at you.
The harpoon shot hits you.
You are yanked forward by the harpoon shot.
A water moccasin and a swamp worm come into view.
Casting: Iron Shot (dangerous; 4% risk of failure)
Confirm with . or Enter, or press ? or * to list all spells.
Aiming: Iron Shot (dangerous; 4% risk of failure)
Press: ? - help, Shift-Dir - straight line, f/p - Gastronok
Aim: Gastronok, wearing a +2 hat of intelligence (heavily wounded, 100% to hit)
You feel a surge of power!
The iron shot hits Gastronok!!
Gastronok is heavily wounded.
You hear a roar!
The swamp worm bites you!
Casting: Iron Shot (dangerous; 4% risk of failure)
Confirm with . or Enter, or press ? or * to list all spells.
Aiming: Iron Shot (dangerous; 4% risk of failure)
Press: ? - help, Shift-Dir - straight line, f/p - Gastronok
Aim: Gastronok, wearing a +2 hat of intelligence (heavily wounded, 100% to hit)
You feel a surge of power!
The iron shot hits Gastronok!!
Gastronok is severely wounded.
The swamp worm bites you!
* * * LOW HITPOINT WARNING * * *
Gastronok waves his eye-stalks in wide circles.
The air twists around and strikes you!!
* * * LOW HITPOINT WARNING * * *
The water moccasin bites you.
You die...
Your body crumbles into a pile of gold.

*,,,,,,,,,,,,,,,,,,*,,,,,**,,**
**$,,,,,,..........*,,,,,**,,,*
**,,,,,,,.........#,,,,,,**,,**
,**,,,,,,..........****#**,,,*
****,,,,,.........####.#***,,**
,***...........!........,,,,,,*
,,*♣....................,,,,,**
,,*♣............S.......,,,,,*
,,*♣............@w......,,,,,**
,,*♣.........w..♣♣..♣♣♣♣****,,*
,,*♣...........♣♣,,.w≈≈≈≈≈**,**
,,*♣........./..♣♣≈≈≈≈≈≈≈≈**,*
,,*♣.............♣*≈≈≈≈≈≈≈**,**
,,,♣............♣♣,,,≈≈≈≈***,,*
,,*♣.............♣*,,,*♣** *,**
,**♣.....>.....♣♣♣**,,,,,* *,,*
**♣............♣>≈≈****,,***,**


You could see Gastronok, 2 swamp worms and a water moccasin.

Vanquished Creatures
  Fannar (Lair:1)
  A boulder beetle (D:11)
  A hydra (D:11)
  2 two-headed ogres
  A wizard (D:11)
  An ugly thing (D:11)
  4 cane toads
  Psyche (D:8)
  A rime drake (Lair:4)
  2 unseen horrors (D:10)
  3 komodo dragons
  Prince Ribbit (D:7)
  4 trolls
  8 blink frogs (Lair:2)
  10 yaks
  3 wyverns (D:9)
  5 wraiths
  A vampire (D:10)
  2 basilisks
  Grum (D:8)
  2 steam dragons
  2 vampire mosquitoes (D:9)
  2 acid dragons (D:10)
  8 water moccasins
  2 hornet zombies
  An orc warrior (D:8)
  An ice beast (D:6)
  2 necrophages
  2 sky beasts
  3 black bears
  16 wolves
  2 ogres
  3 centaurs
  2 kobold brigands
  A gnoll sergeant (D:11)
  8 bullfrogs
  A scorpion (D:4)
  8 killer bees
  16 wights
  4 electric eels
  7 howler monkeys
  4 centaur zombies
  A hound (D:7)
  4 orc priests
  A jelly (D:6)
  2 gnoll shamans
  An iguana (D:6)
  8 orc wizards
  A hound skeleton (D:4)
  A howler monkey zombie (D:10)
  6 adders
  13 gnolls
  A howler monkey skeleton (D:4)
  4 river rats (Sewer)
  2 white imps (D:6)
  2 ufetubi (D:4)
  A worm (D:4)
  2 dart slugs
  15 orcs
  6 endoplasms
  4 giant cockroaches
  8 goblins
  4 hobgoblins
  3 quokkas (D:4)
  5 ball pythons
  4 bats
  13 frilled lizards
  12 kobolds
  10 rats
  A butterfly (Lair:1)
285 creatures vanquished.

Vanquished Creatures (collateral kills)
  An endoplasm (D:4)
1 creature vanquished.

Vanquished Creatures (others)
  65 fungi
  72 plants
137 creatures vanquished.

Grand Total: 423 creatures vanquished

Notes
Turn   | Place    | Note
-------+----------+-------------------------------------------
     0 | D:1      | CrazyMind the Draconian Earth Elementalist began the quest
                  | for the Orb.
     0 | D:1      | Reached XP level 1. HP: 14/14 MP: 3/3
   296 | D:1      | Reached XP level 2. HP: 20/20 MP: 5/5
   847 | D:2      | Learned a level 2 spell: Passwall
  1458 | D:2      | Found a faded altar of an unknown god.
  1669 | D:2      | Reached XP level 3. HP: 26/27 MP: 2/6
  1750 | D:2      | Reached skill level 4 in Earth Magic
  1964 | D:3      | Found a shimmering altar of Xom.
  1964 | D:3      | Noticed an angel
  1965 | D:3      | Found a glowing silver altar of Zin.
  2648 | D:4      | Found a glowing drain.
  2664 | D:4      | Reached XP level 4. HP: 34/34 MP: 3/7
  2708 | Sewer    | Entered a sewer
  2713 | Sewer    | Learned a level 3 spell: Stone Arrow
  2920 | Sewer    | Reached XP level 5. HP: 36/39 MP: 5/9
  3418 | D:4      | Reached skill level 5 in Earth Magic
  3482 | D:4      | Noticed a black bear
  3569 | D:4      | Noticed a necrophage
  3842 | D:4      | Found a broken altar of Ashenzari.
  3849 | D:4      | Found an ancient bone altar of Kikubaaqudgha.
  3853 | D:4      | Found a basalt altar of Yredelemnul.
  4142 | D:5      | Entered Level 5 of the Dungeon
  4143 | D:5      | Noticed an ogre
  4151 | D:5      | Killed an ogre
  4152 | D:5      | Reached XP level 6. HP: 38/46 MP: 5/11
  4238 | D:5      | Noticed a water moccasin
  4488 | D:5      | Reached skill level 1 in Conjurations
  4740 | D:5      | Noticed a sky beast
  4992 | D:4      | Reached skill level 6 in Earth Magic
  4992 | D:4      | Your scales start taking on an icy white colour.
  4992 | D:4      | Reached XP level 7. HP: 51/51 MP: 7/13
  4992 | D:4      | Gained mutation: Your flesh is cold resistant. (rC+) [White
                  | Draconian growth]
  5285 | D:4      | You fall into a shaft and drop 2 floors!
  5486 | D:6      | Found a staircase to the Ecumenical Temple.
  5496 | Temple   | Entered the Ecumenical Temple
  5647 | Temple   | Became a worshipper of Gozag Ym Sagoz the Greedy
  6237 | D:5      | Reached skill level 7 in Earth Magic
  6551 | D:5      | Reached XP level 8. HP: 58/58 MP: 8/15
  6626 | D:4      | Reached skill level 5 in Spellcasting
  7186 | D:6      | Reached skill level 1 in Fighting
  7186 | D:6      | Reached skill level 8 in Earth Magic
  7701 | D:7      | Found a bloodstained altar of Trog.
  7867 | D:7      | Noticed Prince Ribbit
  7890 | D:7      | Killed Prince Ribbit
  7891 | D:7      | Reached XP level 9. HP: 64/64 MP: 7/17
  7986 | D:7      | Reached skill level 9 in Earth Magic
  9445 | D:8      | Reached skill level 5 in Conjurations
  9468 | D:8      | Learned a level 4 spell: Petrify
  9479 | D:8      | Identified the +8 short sword of the Warrior {vorpal,
                  | Will++}
  9506 | D:8      | Reached skill level 10 in Earth Magic
  9606 | D:8      | Noticed Grum
  9613 | D:8      | Killed Grum
  9814 | D:8      | Found Aruow's Weapon Shop.
  9848 | D:8      | Noticed Psyche
  9946 | D:8      | Reached skill level 1 in Throwing
 10788 | D:9      | Reached XP level 10. HP: 62/71 MP: 16/20
 11230 | D:9      | Noticed a two-headed ogre
 11241 | D:8      | Killed Psyche
 11455 | D:9      | Killed a two-headed ogre
 11642 | D:10     | Entered Level 10 of the Dungeon
 11799 | D:10     | Reached skill level 11 in Earth Magic
 12588 | D:10     | Noticed a two-headed ogre
 12645 | D:10     | Killed a two-headed ogre
 12646 | D:10     | Reached XP level 11. HP: 79/79 MP: 16/23
 12650 | D:10     | Learned a level 3 spell: Conjure Flame
 13049 | D:10     | Noticed Snorg
 13632 | D:11     | Noticed a boulder beetle
 13679 | D:11     | Noticed a four-headed hydra
 13942 | D:11     | Killed a four-headed hydra
 14166 | D:11     | Reached skill level 1 in Staves
 14426 | D:11     | Noticed a red ugly thing
 14479 | D:11     | Killed a boulder beetle
 14783 | D:11     | Noticed a wizard
 14808 | D:11     | Found a staircase to the Lair.
 14823 | D:11     | Killed a wizard
 15039 | D:11     | Killed a red ugly thing
 15349 | D:11     | Learned a level 6 spell: Iron Shot
 15369 | Lair:1   | Entered Level 1 of the Lair of Beasts
 15702 | Lair:1   | Noticed Fannar
 16032 | Lair:1   | Killed Fannar
 16033 | Lair:1   | Reached skill level 12 in Earth Magic
 16033 | Lair:1   | Reached XP level 12. HP: 88/88 MP: 2/25
 16613 | Lair:1   | Reached skill level 1 in Evocations
 16788 | Lair:2   | Reached skill level 5 in Stealth
 17853 | Lair:2   | Reached skill level 10 in Spellcasting
 18256 | Lair:2   | You fall into a shaft and drop 2 floors!
 18570 | Lair:4   | Noticed Josephine
 18604 | Lair:3   | Noticed Gastronok
 18612 | Lair:3   | HP: 2/88 [Gastronok/the air (23)]
 18612 | Lair:3   | Slain by a water moccasin

Illustrated notes

Levels and vault maps discovered:
D:1:      evilmike_arrival_home_sweet_home, layout_loops_ring, serial_aquarium,
          aquarium_bridge_straight [aquarium_subvault_bridge,
          aquarium_subvault_balcony, aquarium_subvault_bridge,
          aquarium_subvault_window], aquarium_window_double, aquarium_window_2,
          aquarium_window_corner, aquarium_window_corridor_2, aquarium_view_2f
D:2:      layout_loops_ring, basic_ecumenical_altar, fountainhead
D:3:      layout_loops_ring, grunt_temple_overflow_order_and_chaos_1
D:4:      layout_cave_pools, minmay_overflow_temple_star_quad,
          gup_sewer_entry_glass, kennysheep_cluttered_room, minmay_pentangle
D:5:      wander_river, layout_loops_ring
D:6:      layout_loops_ring, temple_green
D:7:      layout_cave_pools, lemuel_crystal_altar, uniq_prince_ribbit1
D:8:      layout_loops_ring, serial_shops, shop, kennysheep_generic_room_12,
          uniq_grum, uniq_psyche
D:9:      layout_rooms
D:10:     layout_irregular_city, kennysheep_potato, uniq_snorg
D:11:     layout_rooms, due_lair_maze_entry_diamond
Temple:   nicolae_temple_elliptical
Lair:1:   statuecave_lemuel, layout_chaotic_city, infiniplex_staircase_pool,
          lemuel_fruit_fields, uniq_fannar
Lair:2:   layout_gridlike, beast_lair_carwin_10, lemuel_fruit_tree,
          grunt_megastairs_4, infiniplex_staircase_pool_2, serial_bayou_shore_a
Lair:3:   mu_elephants_graveyard, layout_regular_city, palyth_hydra_swamp_entry,
          minmay_snake_entry_spellcaster, ebering_ghost_inner_flame,
          uniq_gastronok
Lair:4:   layout_gridlike, uniq_josephine

Skill      XL: |  1  2  3  4  5  6  7  8  9 10 11 12 |
---------------+-------------------------------------+-----
Dodging        | 2 3 |  3.8
Earth Magic    | 4 5 6 7 8 10 11 12 | 12.4
Stealth        | 2 3 4 5 |  5.2
Spellcasting   | 3 4 5 7 8 9 10 | 10.0
Conjurations   | 1 2 3 5 7 9 |  9.7
Fighting       | 1 2 |  2.8
Throwing       | 1 2 3 4 |  4.2
Staves         | 1 |  1.0
Transmutations | 2 3 |  3.6
Evocations     | 1 |  1.0

Action                   |  1- 3 |  4- 6 |  7- 9 | 10-12 || total
-------------------------+-------+-------+-------+-------++-------
Melee: Unarmed           |     2 |       |       |       ||     2
       Hand axe          |     3 |       |       |       ||     3
       Staff             |     9 |    19 |    11 |    14 ||    53
       Tailslap          |     1 |     1 |     2 |     6 ||    10
       Short sword       |       |       |       |    26 ||    26
Throw: Dart              |     2 |     4 |    11 |    64 ||    81
       Boomerang         |       |       |     2 |     1 ||     3
 Cast: Sandblast         |    46 |    81 |    78 |    80 ||   285
       Stone Arrow       |       |     6 |    92 |   178 ||   276
       Petrify           |       |       |     1 |     9 ||    10
       Iron Shot         |       |       |       |    17 ||    17
       Conjure Flame     |       |       |       |     3 ||     3
       Passwall          |       |       |       |     1 ||     1
 Abil: Breathe Frost     |       |       |     2 |     6 ||     8
Evoke: Wand              |       |     5 |       |     7 ||    12
  Use: Scroll            |     4 |     5 |     3 |    10 ||    22
       Potion            |       |     1 |     4 |     2 ||     7
 Stab: Sleeping          |     6 |     5 |     1 |     1 ||    13
       Distracted        |       |     1 |       |       ||     1
       Petrified         |       |       |       |    12 ||    12
       Invisible         |       |       |       |     3 ||     3
Armor: Skin              |     5 |    23 |    26 |    49 ||   103
Dodge: Dodged            |    22 |    38 |    28 |    97 ||   185
